Sabres vs Predators

Created - December-02-14 at 19:47

Goals
1 2 3 T
Sabres 3 1 0 4
Predators 1 1 0 2
Shots
1 2 3 T
Sabres 13 17 20 50
Predators 10 13 8 31

1st period

1. Sabres , Jason Pominville 10 (Oliver Ekman-Larsson) at 6:09
2. Sabres , Thomas Vanek 8 (Braydon Coburn, Jordan Staal) at 8:33
3. Sabres , Paul Byron 7 (Brayden Schenn, Oliver Ekman-Larsson) at 10:08 (PP)
4. Predators , Artem Anisimov 4 (Valtteri Filppula, Roman Josi) at 19:38

Penalties :
Nikita Zadorov (NSH) for Roughing (Minor) at 8:41, Brandon Prust (NSH) for High sticking (Minor) at 15:20

2nd period

5. Sabres , Josh Gorges 2 (Jason Pominville, Braydon Coburn) at 3:05
6. Predators , Jaden Schwartz 12 (Nicklas Backstrom, Jordie Benn) at 18:55

Penalties :
Brad Stuart (BUF) for Delaying the game (Minor) at 4:03, Jordie Benn (NSH) for Hooking (Minor) at 6:31, Roman Josi (NSH) for High sticking (Minor) at 10:54, Josh Gorges (BUF) for Hooking (Minor) at 14:28

3rd period

No Goal

Penalties :
Pekka Rinne (NSH) for Slashing (Minor) at 0:44 - Roman Josi served the penalty., Zach Bogosian (NSH) for Interference (Minor) at 2:43, Roman Josi (NSH) for Hooking (Minor) at 5:21, Brayden Schenn (BUF) for Tripping (Minor) at 5:21, Anton Stralman (NSH) for Interference (Minor) at 10:20

Goalie Stats

Ondrej Pavelec (BUF), 29 saves from 31 shots - (0.935), W, 10-7-1, 60:00 minutes
Pekka Rinne (NSH), 35 saves from 35 shots - (1.000), 36:55 minutes
Carter Hutton (NSH), 11 saves from 15 shots - (0.733), L, 4-2-0, 23:05 minutes

Players Stats for Sabres

Player Name              G  A  P  +/- PIM S  H  SB GA TA FO     MP     PP MP  PK MP  
------------------------------------------------------------------------------------
Brad Boyes               0  0  0   0  0   1  0  0  0  0  1/2    21:23   6:22   0:00 
Brad Stuart              0  0  0  -2  2   1  1  2  0  0  0/0    11:02   0:00   0:00 
Brayden Schenn           0  1  1   0  2   2  4  0  0  0  16/30  22:16   6:22   0:54 
Braydon Coburn           0  2  2   2  0   5  4  0  0  0  0/0    22:05   6:18   1:57 
Daniel Winnik            0  0  0  -2  0   2  0  0  0  0  1/1    11:29   0:00   0:00 
Eric Gelinas             0  0  0   0  0   0  0  0  0  0  0/0     2:00   0:00   0:00 
Francois Beauchemin      0  0  0   1  0   3  1  2  0  0  0/0    24:52   7:03   2:01 
Jason Pominville         1  1  2   3  0   11 0  0  0  0  6/11   25:30   6:59   3:04 
Johnny Oduya             0  0  0  -2  0   1  0  0  0  0  0/0    12:01   0:00   0:58 
Jordan Staal             0  1  1   3  0   1  3  0  0  0  14/32  21:10   6:59   0:54 
Josh Gorges              1  0  1   2  2   4  0  0  0  0  0/0    21:06   6:18   0:59 
Nino Niederreiter        0  0  0  -2  0   2  1  0  0  0  1/1    11:29   0:00   0:00 
Oliver Ekman-Larsson     0  2  2   1  0   6  1  1  0  0  0/0    26:52   7:03   2:01 
Patrice Cormier          0  0  0   0  0   0  1  0  0  0  0/0     1:39   0:00   0:00 
Paul Byron               1  0  1   0  0   4  0  1  0  0  0/0    21:07   6:06   0:00 
Paul Gaustad             0  0  0  -2  0   2  0  0  0  0  3/14   12:29   0:16   0:00 
Thomas Vanek             1  0  1   3  0   5  0  0  0  0  2/3    23:51   6:59   3:04 
Tom Pyatt                0  0  0   0  0   0  0  0  0  0  1/3     1:39   0:00   0:00 

Players Stats for Predators

Player Name              G  A  P  +/- PIM S  H  SB GA TA FO     MP     PP MP  PK MP  
------------------------------------------------------------------------------------
Anton Stralman           0  0  0  -1  2   1  3  1  0  0  0/0    17:53   1:42   0:00 
Artem Anisimov           1  0  1   0  0   1  0  0  0  0  3/4    18:00   1:42   4:17 
Brandon Prust            0  0  0  -1  2   0  0  0  0  0  0/0     6:41   0:00   3:31 
Casey Cizikas            0  0  0  -1  0   0  1  0  0  0  12/23  11:19   0:00   8:08 
Derick Brassard          0  0  0  -1  0   0  5  0  0  0  0/0    13:02   0:00   0:00 
Jaden Schwartz           1  0  1   1  0   6  0  0  0  0  1/1    16:04   1:42   0:56 
Jordie Benn              0  1  1   0  2   1  2  4  0  0  0/0    17:12   0:03   5:38 
Justin Abdelkader        0  0  0  -1  0   0  0  0  0  0  1/1     3:11   0:00   0:00 
Max Pacioretty           0  0  0   1  0   4  0  0  0  0  1/2    16:43   2:16   0:00 
Nicklas Backstrom        0  1  1   1  0   2  2  0  0  0  12/22  16:40   2:16   0:00 
Nikita Zadorov           0  0  0   0  2   0  2  1  0  0  0/0    17:04   0:00   5:36 
Patrik Berglund          0  0  0   0  0   1  2  0  0  0  0/2    12:01   0:00   0:00 
Roman Josi               0  1  1  -1  4   2  0  2  0  0  0/0    21:51   2:16   2:26 
Steven Stamkos           0  0  0  -1  0   4  1  0  0  0  10/20  15:21   2:16   0:00 
T.J. Oshie               0  0  0  -1  0   5  2  0  0  0  1/2    21:54   1:42   8:08 
Valtteri Filppula        0  1  1   0  0   2  0  0  0  0  11/20  15:25   1:42   1:42 
Zach Bogosian            0  0  0   0  2   1  0  3  0  0  0/0    24:03   2:13   5:59 
Zbynek Michalek          0  0  0   0  0   1  1  2  0  0  0/0    20:09   0:00   7:02 

3 Stars

1 - Jason Pominville (BUF)
2 - Braydon Coburn (BUF)
3 - Thomas Vanek (BUF)

Power Play

Sabres - 1 on 7 Attempt(s) - 14.29%
Predators - 0 on 2 Attempt(s) - 0.00%

Penalty Kill

Sabres - 2 on 2 Attempt(s) - 100.00% - Score 0 goal in Penalty Kill
Predators - 6 on 7 Attempt(s) - 85.71% - Score 0 goal in Penalty Kill

Official

Referees : Dan O'Rourke and Francis Charron
Linesman : Steve Barton and Kiel Murchison

Game Notes

Pekka Rinne enters game at 3:05 of 2nd period
Nikita Zadorov is injured at 15:58 of 3rd period (Bruised Right Shoulder)

Finance

Level 1 -- Attendance: 4767 (73.34%) -- Ticket Income $572,040
Level 2 -- Attendance: 4144 (82.88%) -- Ticket Income $339,808
Level 3 -- Attendance: 2391 (68.31%) -- Ticket Income $143,460
Level 4 -- Attendance: 1113 (100.00%) -- Ticket Income $46,746
Luxury Box -- Attendance: 897 (89.70%) -- Ticket Income $165,945
Game was played at the Bridgestone Arena
Total Attendance: 13312 (77.79%)
Total Ticket Income: $1,267,999
Other Income: $190,200
Total Income: $1,458,199

% Time on Ice - Sabres

Lines # - Real PCT - Wanted PCT - Time Play
Normal Forward
1 - 31% - 40% - 12:33
2 - 37% - 30% - 15:01
3 - 28% - 20% - 11:29
4 - 4% - 10% - 1:39
Normal Defense
1 - 36% - 40% - 14:33
2 - 32% - 30% - 13:06
3 - 27% - 20% - 11:03
4 - 5% - 10% - 2:00
PP Forward
1 - 52% - 60% - 6:59
2 - 48% - 40% - 6:22
PP Defense
1 - 53% - 60% - 7:03
2 - 47% - 40% - 6:18
PK Forward
1 - 77% - 60% - 3:04
2 - 23% - 40% - 0:54
PK Defense
1 - 51% - 60% - 2:01
2 - 49% - 40% - 1:57
PK3 Forward
1 - 0% - 60%
2 - 0% - 40%
PK3 Defense
1 - 0% - 60%
2 - 0% - 40%
44 Forward
1 - 63% - 60% - 1:15
2 - 37% - 40% - 0:44
44 Defense
1 - 63% - 60% - 1:15
2 - 37% - 40% - 0:44
Last Minute Offensive  - 0:00
Last Minute Defensive  - 0:00
Total
Forward - 60:00
Defense - 60:00

% Time on Ice - Predators

Lines # - Real PCT - Wanted PCT - Time Play
Normal Forward
1 - 33% - 34% - 13:26
2 - 30% - 31% - 12:04
3 - 30% - 27% - 12:01
4 - 8% - 8% - 3:11
Normal Defense
1 - 35% - 33% - 14:13
2 - 32% - 32% - 12:57
3 - 26% - 25% - 10:34
4 - 7% - 10% - 2:58
PP Forward
1 - 57% - 64% - 2:16
2 - 43% - 36% - 1:42
PP Defense
1 - 57% - 60% - 2:16
2 - 43% - 40% - 1:42
PK Forward
1 - 68% - 60% - 9:04
2 - 32% - 40% - 4:17
PK Defense
1 - 53% - 60% - 7:02
2 - 47% - 40% - 6:19
PK3 Forward
1 - 0% - 60%
2 - 0% - 40%
PK3 Defense
1 - 0% - 60%
2 - 0% - 40%
44 Forward
1 - 51% - 60% - 1:01
2 - 49% - 40% - 0:58
44 Defense
1 - 92% - 60% - 1:49
2 - 8% - 40% - 0:10
Last Minute Offensive  - 0:00
Last Minute Defensive  - 0:00
Total
Forward - 60:00
Defense - 60:00

Play by Play

1st period


0:01 of 1st period - Nicklas Backstrom wins face-off versus Jordan Staal in neutral zone.
0:32 of 1st period - Shot by Jaden Schwartz.
0:32 of 1st period - Deflect By Nicklas Backstrom.
0:32 of 1st period - Shot Misses the Net.
1:12 of 1st period - Shot by Paul Byron.
1:12 of 1st period - Shot Blocked by Zbynek Michalek.
1:18 of 1st period - Braydon Coburn is hit by T.J. Oshie and loses puck.
3:01 of 1st period - Daniel Winnik is hit by Jordie Benn and loses puck.
3:04 of 1st period - Shot by Daniel Winnik.
3:04 of 1st period - Shot Misses the Net.
3:06 of 1st period - Shot by Daniel Winnik.
3:06 of 1st period - Stopped by Carter Hutton without a rebound.
3:07 of 1st period - Justin Abdelkader wins face-off versus Jordan Staal in Predators zone.
3:09 of 1st period - Icing by Roman Josi.
3:10 of 1st period - Casey Cizikas wins face-off versus Jordan Staal in Predators zone.
3:49 of 1st period - Shot by Thomas Vanek.
3:49 of 1st period - Stopped by Carter Hutton without a rebound.
3:50 of 1st period - Nicklas Backstrom wins face-off versus Paul Gaustad in Predators zone.
4:51 of 1st period - Zbynek Michalek is hit by Brad Stuart and loses puck.
5:03 of 1st period - Icing by Paul Gaustad.
5:04 of 1st period - Steven Stamkos wins face-off versus Paul Gaustad in Sabres zone.
5:25 of 1st period - Shot by Derick Brassard.
5:25 of 1st period - Deflect By Steven Stamkos.
5:25 of 1st period - Stopped by Ondrej Pavelec without a rebound.
5:26 of 1st period - Tom Pyatt wins face-off versus Valtteri Filppula in Sabres zone.
5:26 of 1st period - Tom Pyatt is hit by Patrik Berglund.
5:32 of 1st period - Shot by Roman Josi.
5:32 of 1st period - Stopped by Ondrej Pavelec without a rebound.
5:33 of 1st period - Jordan Staal wins face-off versus Patrik Berglund in Sabres zone.
5:33 of 1st period - Jordan Staal is hit by Patrik Berglund.
6:09 of 1st period - Shot by Jason Pominville.
6:09 of 1st period - Goal by Jason Pominville - Sabres : 1 - Predators : 0.
6:10 of 1st period - Steven Stamkos wins face-off versus Brayden Schenn in neutral zone.
6:20 of 1st period - Off-side.
6:21 of 1st period - Brayden Schenn wins face-off versus Nicklas Backstrom in neutral zone.
6:40 of 1st period - Max Pacioretty is hit by Brayden Schenn and loses puck.
7:27 of 1st period - Shot by Jason Pominville.
7:27 of 1st period - Deflect By Patrice Cormier.
7:27 of 1st period - Shot Misses the Net.
7:31 of 1st period - Shot by Jason Pominville.
7:31 of 1st period - Shot Misses the Net.
7:48 of 1st period - Shot by Roman Josi.
7:48 of 1st period - Stopped by Ondrej Pavelec without a rebound.
7:49 of 1st period - Paul Gaustad wins face-off versus Valtteri Filppula in Sabres zone.
7:58 of 1st period - Shot by Nino Niederreiter.
7:58 of 1st period - Stopped by Carter Hutton with a rebound.
8:00 of 1st period - Shot by Daniel Winnik.
8:00 of 1st period - Shot Misses the Net.
8:06 of 1st period - Shot by Daniel Winnik.
8:06 of 1st period - Stopped by Carter Hutton without a rebound.
8:07 of 1st period - Casey Cizikas wins face-off versus Jordan Staal in Predators zone.
8:33 of 1st period - Shot by Thomas Vanek.
8:33 of 1st period - Goal by Thomas Vanek - Sabres : 2 - Predators : 0.
8:34 of 1st period - Steven Stamkos wins face-off versus Brayden Schenn in neutral zone.
8:40 of 1st period - Paul Byron is hit by Jordie Benn and loses puck.
8:41 of 1st period - Minor Penalty to Nikita Zadorov for Roughing.
8:42 of 1st period - Brayden Schenn wins face-off versus Casey Cizikas in Predators zone.
8:57 of 1st period - Shot by Francois Beauchemin.
8:57 of 1st period - Stopped by Carter Hutton without a rebound.
8:58 of 1st period - Casey Cizikas wins face-off versus Jordan Staal in Predators zone.
8:58 of 1st period - Casey Cizikas is hit by Jordan Staal.
9:43 of 1st period - Off-side.
9:44 of 1st period - Casey Cizikas wins face-off versus Brayden Schenn in neutral zone.
9:53 of 1st period - Brad Boyes is hit by Casey Cizikas and loses puck.
9:58 of 1st period - Shot by T.J. Oshie.
9:58 of 1st period - Shot Misses the Net.
10:00 of 1st period - Shot by Jordie Benn.
10:00 of 1st period - Stopped by Ondrej Pavelec without a rebound.
10:01 of 1st period - Brayden Schenn wins face-off versus Artem Anisimov in Sabres zone.
10:08 of 1st period - Shot by Brayden Schenn.
10:08 of 1st period - Deflect By Paul Byron.
10:08 of 1st period - Goal by Paul Byron - Sabres : 3 - Predators : 0.
10:09 of 1st period - Valtteri Filppula wins face-off versus Paul Gaustad in neutral zone.
11:29 of 1st period - Off-side.
11:30 of 1st period - Nicklas Backstrom wins face-off versus Brayden Schenn in neutral zone.
11:37 of 1st period - Shot by Max Pacioretty.
11:37 of 1st period - Deflect By Jaden Schwartz.
11:37 of 1st period - Shot Misses the Net.
12:00 of 1st period - Shot by Brayden Schenn.
12:00 of 1st period - Shot Blocked by Anton Stralman.
12:02 of 1st period - Shot by Josh Gorges.
12:02 of 1st period - Stopped by Carter Hutton without a rebound.
12:03 of 1st period - Steven Stamkos wins face-off versus Jordan Staal in Predators zone.
12:36 of 1st period - Shot by Steven Stamkos.
12:36 of 1st period - Stopped by Ondrej Pavelec without a rebound.
12:37 of 1st period - Brayden Schenn wins face-off versus Nicklas Backstrom in Sabres zone.
12:46 of 1st period - Shot by Nicklas Backstrom.
12:46 of 1st period - Stopped by Ondrej Pavelec without a rebound.
12:47 of 1st period - Paul Gaustad wins face-off versus Patrik Berglund in Sabres zone.
13:05 of 1st period - Anton Stralman is hit by Braydon Coburn.
13:34 of 1st period - Artem Anisimov is hit by Braydon Coburn and loses puck.
13:52 of 1st period - Shot by Jason Pominville.
13:52 of 1st period - Stopped by Carter Hutton with a rebound.
14:45 of 1st period - Off-side.
14:46 of 1st period - Brayden Schenn wins face-off versus Steven Stamkos in neutral zone.
15:17 of 1st period - Shot by T.J. Oshie.
15:17 of 1st period - Stopped by Ondrej Pavelec without a rebound.
15:18 of 1st period - Casey Cizikas wins face-off versus Paul Gaustad in Sabres zone.
15:20 of 1st period - Minor Penalty to Brandon Prust for High sticking.
15:21 of 1st period - Jason Pominville wins face-off versus Casey Cizikas in Predators zone.
15:24 of 1st period - Shot by Jason Pominville.
15:24 of 1st period - Stopped by Carter Hutton without a rebound.
15:25 of 1st period - Casey Cizikas wins face-off versus Brayden Schenn in Predators zone.
15:25 of 1st period - Casey Cizikas is hit by Brayden Schenn.
16:05 of 1st period - Shot by Francois Beauchemin.
16:05 of 1st period - Stopped by Carter Hutton without a rebound.
16:06 of 1st period - Jordan Staal wins face-off versus Casey Cizikas in Predators zone.
16:10 of 1st period - Thomas Vanek is hit by Nikita Zadorov and loses puck.
17:55 of 1st period - Icing by Johnny Oduya.
17:56 of 1st period - Valtteri Filppula wins face-off versus Paul Gaustad in Sabres zone.
18:05 of 1st period - Shot by Nino Niederreiter.
18:05 of 1st period - Stopped by Carter Hutton without a rebound.
18:06 of 1st period - Brayden Schenn wins face-off versus Steven Stamkos in Predators zone.
18:29 of 1st period - Francois Beauchemin is hit by Derick Brassard and loses puck.
19:26 of 1st period - Shot by Nicklas Backstrom.
19:26 of 1st period - Shot Misses the Net.
19:28 of 1st period - Shot by Zbynek Michalek.
19:28 of 1st period - Stopped by Ondrej Pavelec with a rebound.
19:30 of 1st period - Shot by Jaden Schwartz.
19:30 of 1st period - Shot Misses the Net.
19:32 of 1st period - Shot by Max Pacioretty.
19:32 of 1st period - Stopped by Ondrej Pavelec without a rebound.
19:33 of 1st period - Valtteri Filppula wins face-off versus Paul Gaustad in Sabres zone.
19:38 of 1st period - Shot by Valtteri Filppula.
19:38 of 1st period - Deflect By Artem Anisimov.
19:38 of 1st period - Goal by Artem Anisimov - Sabres : 3 - Predators : 1.
19:39 of 1st period - Daniel Winnik wins face-off versus Valtteri Filppula in neutral zone.
Goals for this period are 3 for Sabres vs 1 for Predators.
Shots for this period are 13 for Sabres vs 10 for Predators.

2nd period


0:01 of 2nd period - Jordan Staal wins face-off versus Max Pacioretty in neutral zone.
0:12 of 2nd period - Shot by Jaden Schwartz.
0:12 of 2nd period - Stopped by Ondrej Pavelec without a rebound.
0:13 of 2nd period - Steven Stamkos wins face-off versus Brayden Schenn in Sabres zone.
0:30 of 2nd period - Shot by Steven Stamkos.
0:30 of 2nd period - Deflect By T.J. Oshie.
0:30 of 2nd period - Stopped by Ondrej Pavelec with a rebound.
0:32 of 2nd period - Shot by T.J. Oshie.
0:32 of 2nd period - Stopped by Ondrej Pavelec without a rebound.
0:33 of 2nd period - Jordan Staal wins face-off versus Nicklas Backstrom in Sabres zone.
0:33 of 2nd period - Jordan Staal is hit by Nicklas Backstrom.
0:52 of 2nd period - Shot by Braydon Coburn.
0:52 of 2nd period - Stopped by Carter Hutton without a rebound.
0:53 of 2nd period - T.J. Oshie wins face-off versus Brayden Schenn in Predators zone.
1:23 of 2nd period - Icing by Oliver Ekman-Larsson.
1:24 of 2nd period - Brayden Schenn wins face-off versus Nicklas Backstrom in Sabres zone.
1:37 of 2nd period - Oliver Ekman-Larsson is hit by Nicklas Backstrom and loses puck.
1:49 of 2nd period - Shot by Jaden Schwartz.
1:49 of 2nd period - Shot Blocked by Francois Beauchemin.
2:23 of 2nd period - Shot by Valtteri Filppula.
2:23 of 2nd period - Shot Misses the Net.
2:41 of 2nd period - Shot by Valtteri Filppula.
2:41 of 2nd period - Deflect By Patrik Berglund.
2:41 of 2nd period - Stopped by Ondrej Pavelec without a rebound.
2:42 of 2nd period - Jordan Staal wins face-off versus Steven Stamkos in Sabres zone.
2:42 of 2nd period - Jordan Staal is hit by Derick Brassard.
2:58 of 2nd period - Jason Pominville is hit by Anton Stralman and loses puck.
3:03 of 2nd period - Shot by Jason Pominville.
3:03 of 2nd period - Shot Misses the Net.
3:05 of 2nd period - Shot by Josh Gorges.
3:05 of 2nd period - Goal by Josh Gorges - Sabres : 4 - Predators : 1.
3:05 of 2nd period - Pekka Rinne enters game.
3:06 of 2nd period - Valtteri Filppula wins face-off versus Paul Gaustad in neutral zone.
4:03 of 2nd period - Minor Penalty to Brad Stuart for Delaying the game.
4:04 of 2nd period - Thomas Vanek wins face-off versus Nicklas Backstrom in Sabres zone.
4:43 of 2nd period - Shot by Roman Josi.
4:43 of 2nd period - Shot Misses the Net.
5:21 of 2nd period - Shot by Jason Pominville.
5:21 of 2nd period - Stopped by Pekka Rinne without a rebound.
5:22 of 2nd period - Jordan Staal wins face-off versus Valtteri Filppula in Predators zone.
5:47 of 2nd period - Shot by T.J. Oshie.
5:47 of 2nd period - Shot Blocked by Francois Beauchemin.
6:31 of 2nd period - Shot by Brad Stuart.
6:31 of 2nd period - Stopped by Pekka Rinne without a rebound.
6:31 of 2nd period - Minor Penalty to Jordie Benn for Hooking.
6:32 of 2nd period - Brayden Schenn wins face-off versus Casey Cizikas in Predators zone.
7:33 of 2nd period - Shot by Jason Pominville.
7:33 of 2nd period - Stopped by Pekka Rinne without a rebound.
7:34 of 2nd period - Artem Anisimov wins face-off versus Jason Pominville in Predators zone.
9:33 of 2nd period - Shot by Valtteri Filppula.
9:33 of 2nd period - Shot Blocked by Brad Stuart.
9:35 of 2nd period - Shot by Patrik Berglund.
9:35 of 2nd period - Shot Blocked by Brad Stuart.
10:08 of 2nd period - Icing by Valtteri Filppula.
10:09 of 2nd period - Brayden Schenn wins face-off versus Valtteri Filppula in Predators zone.
10:25 of 2nd period - Icing by Valtteri Filppula.
10:26 of 2nd period - Valtteri Filppula wins face-off versus Jordan Staal in Predators zone.
10:40 of 2nd period - Icing by Nikita Zadorov.
10:41 of 2nd period - Brayden Schenn wins face-off versus Valtteri Filppula in Predators zone.
10:42 of 2nd period - Shot by Paul Byron.
10:42 of 2nd period - Stopped by Pekka Rinne without a rebound.
10:43 of 2nd period - Steven Stamkos wins face-off versus Jordan Staal in Predators zone.
10:48 of 2nd period - Shot by Steven Stamkos.
10:48 of 2nd period - Stopped by Ondrej Pavelec without a rebound.
10:49 of 2nd period - Jordan Staal wins face-off versus Steven Stamkos in Sabres zone.
10:49 of 2nd period - Jordan Staal is hit by Derick Brassard.
10:54 of 2nd period - Minor Penalty to Roman Josi for High sticking.
10:55 of 2nd period - Casey Cizikas wins face-off versus Jordan Staal in Predators zone.
11:09 of 2nd period - Off-side.
11:10 of 2nd period - Casey Cizikas wins face-off versus Brayden Schenn in neutral zone.
11:23 of 2nd period - Shot by Francois Beauchemin.
11:23 of 2nd period - Shot Hit the Post.
11:28 of 2nd period - Brayden Schenn is hit by Zbynek Michalek and loses puck.
11:59 of 2nd period - Shot by Artem Anisimov.
11:59 of 2nd period - Shot Blocked by Paul Byron.
12:17 of 2nd period - Shot by Thomas Vanek.
12:17 of 2nd period - Shot Hit the Post.
12:19 of 2nd period - Shot by Braydon Coburn.
12:19 of 2nd period - Shot Blocked by Zach Bogosian.
12:21 of 2nd period - Shot by Jordan Staal.
12:21 of 2nd period - Shot Misses the Net.
12:23 of 2nd period - Shot by Josh Gorges.
12:23 of 2nd period - Shot Misses the Net.
12:25 of 2nd period - Shot by Braydon Coburn.
12:25 of 2nd period - Stopped by Pekka Rinne without a rebound.
12:26 of 2nd period - Jordan Staal wins face-off versus Casey Cizikas in Predators zone.
12:27 of 2nd period - Shot by Jason Pominville.
12:27 of 2nd period - Stopped by Pekka Rinne without a rebound.
12:28 of 2nd period - Casey Cizikas wins face-off versus Thomas Vanek in Predators zone.
12:39 of 2nd period - Shot by Jordan Staal.
12:39 of 2nd period - Shot Blocked by Zach Bogosian.
12:41 of 2nd period - Shot by Thomas Vanek.
12:41 of 2nd period - Stopped by Pekka Rinne with a rebound.
13:02 of 2nd period - Shot by Nino Niederreiter.
13:02 of 2nd period - Shot Misses the Net.
13:04 of 2nd period - Shot by Brad Stuart.
13:04 of 2nd period - Shot Misses the Net.
13:08 of 2nd period - Shot by Nino Niederreiter.
13:08 of 2nd period - Deflect By Paul Gaustad.
13:08 of 2nd period - Stopped by Pekka Rinne without a rebound.
13:09 of 2nd period - Valtteri Filppula wins face-off versus Tom Pyatt in Predators zone.
13:18 of 2nd period - Shot by Artem Anisimov.
13:18 of 2nd period - Shot Misses the Net.
13:20 of 2nd period - Shot by Valtteri Filppula.
13:20 of 2nd period - Shot Hit the Post.
13:22 of 2nd period - Shot by Valtteri Filppula.
13:22 of 2nd period - Stopped by Ondrej Pavelec without a rebound.
13:23 of 2nd period - Nicklas Backstrom wins face-off versus Brayden Schenn in Sabres zone.
13:23 of 2nd period - Zach Bogosian is hit by Braydon Coburn and loses puck.
13:40 of 2nd period - Shot by Brayden Schenn.
13:40 of 2nd period - Stopped by Pekka Rinne with a rebound.
13:45 of 2nd period - Icing by Jaden Schwartz.
13:46 of 2nd period - Jordan Staal wins face-off versus Nicklas Backstrom in Predators zone.
13:47 of 2nd period - Shot by Jason Pominville.
13:47 of 2nd period - Stopped by Pekka Rinne without a rebound.
13:48 of 2nd period - Steven Stamkos wins face-off versus Jordan Staal in Predators zone.
14:19 of 2nd period - Shot by Jordan Staal.
14:19 of 2nd period - Stopped by Pekka Rinne with a rebound.
14:21 of 2nd period - Shot by Oliver Ekman-Larsson.
14:21 of 2nd period - Stopped by Pekka Rinne without a rebound.
14:22 of 2nd period - Jaden Schwartz wins face-off versus Brayden Schenn in Predators zone.
14:22 of 2nd period - Jaden Schwartz is hit by Brayden Schenn.
14:28 of 2nd period - Shot by Jaden Schwartz.
14:28 of 2nd period - Stopped by Ondrej Pavelec without a rebound.
14:28 of 2nd period - Minor Penalty to Josh Gorges for Hooking.
14:29 of 2nd period - Nicklas Backstrom wins face-off versus Jason Pominville in Sabres zone.
14:38 of 2nd period - Shot by Steven Stamkos.
14:38 of 2nd period - Stopped by Ondrej Pavelec with a rebound.
14:50 of 2nd period - Shot by Max Pacioretty.
14:50 of 2nd period - Stopped by Ondrej Pavelec with a rebound.
14:52 of 2nd period - Shot by Zach Bogosian.
14:52 of 2nd period - Shot Misses the Net.
14:54 of 2nd period - Shot by Roman Josi.
14:54 of 2nd period - Shot Misses the Net.
14:58 of 2nd period - Shot by Max Pacioretty.
14:58 of 2nd period - Stopped by Ondrej Pavelec without a rebound.
14:59 of 2nd period - Valtteri Filppula wins face-off versus Jason Pominville in Sabres zone.
15:02 of 2nd period - Shot by T.J. Oshie.
15:02 of 2nd period - Stopped by Ondrej Pavelec without a rebound.
15:03 of 2nd period - Valtteri Filppula wins face-off versus Jason Pominville in Sabres zone.
15:28 of 2nd period - Shot by Anton Stralman.
15:28 of 2nd period - Stopped by Ondrej Pavelec without a rebound.
15:29 of 2nd period - Jason Pominville wins face-off versus Nicklas Backstrom in Sabres zone.
15:50 of 2nd period - Shot by Johnny Oduya.
15:50 of 2nd period - Stopped by Pekka Rinne without a rebound.
15:51 of 2nd period - Jason Pominville wins face-off versus Valtteri Filppula in Predators zone.
16:02 of 2nd period - Shot by Thomas Vanek.
16:02 of 2nd period - Stopped by Pekka Rinne without a rebound.
16:03 of 2nd period - Nicklas Backstrom wins face-off versus Jordan Staal in Predators zone.
16:09 of 2nd period - Off-side.
16:10 of 2nd period - Thomas Vanek wins face-off versus Nicklas Backstrom in neutral zone.
16:35 of 2nd period - Shot by Brad Boyes.
16:35 of 2nd period - Shot Blocked by Jordie Benn.
16:37 of 2nd period - Shot by Brad Boyes.
16:37 of 2nd period - Stopped by Pekka Rinne without a rebound.
16:38 of 2nd period - Casey Cizikas wins face-off versus Brayden Schenn in Predators zone.
17:09 of 2nd period - Shot by Paul Byron.
17:09 of 2nd period - Shot Misses the Net.
17:20 of 2nd period - Paul Byron is hit by Anton Stralman and loses puck.
18:01 of 2nd period - Shot by T.J. Oshie.
18:01 of 2nd period - Shot Misses the Net.
18:55 of 2nd period - Shot by Jaden Schwartz.
18:55 of 2nd period - Goal by Jaden Schwartz - Sabres : 4 - Predators : 2.
18:56 of 2nd period - Brayden Schenn wins face-off versus Valtteri Filppula in neutral zone.
19:57 of 2nd period - Shot by Max Pacioretty.
19:57 of 2nd period - Shot Misses the Net.
Goals for this period are 1 for Sabres vs 1 for Predators.
Shots for this period are 17 for Sabres vs 13 for Predators.

3rd period


0:01 of 3rd period - Steven Stamkos wins face-off versus Jordan Staal in neutral zone.
0:25 of 3rd period - Steven Stamkos is hit by Francois Beauchemin and loses puck.
0:28 of 3rd period - Shot by T.J. Oshie.
0:28 of 3rd period - Shot Blocked by Oliver Ekman-Larsson.
0:34 of 3rd period - Shot by Steven Stamkos.
0:34 of 3rd period - Shot Misses the Net.
0:36 of 3rd period - Shot by Zach Bogosian.
0:36 of 3rd period - Stopped by Ondrej Pavelec without a rebound.
0:37 of 3rd period - Nicklas Backstrom wins face-off versus Brayden Schenn in Sabres zone.
0:44 of 3rd period - Shot by Paul Byron.
0:44 of 3rd period - Stopped by Pekka Rinne without a rebound.
0:44 of 3rd period - Minor Penalty to Pekka Rinne for Slashing.
0:45 of 3rd period - Brad Boyes wins face-off versus Casey Cizikas in Predators zone.
0:58 of 3rd period - Shot by Braydon Coburn.
0:58 of 3rd period - Stopped by Pekka Rinne with a rebound.
1:47 of 3rd period - Shot by T.J. Oshie.
1:47 of 3rd period - Stopped by Ondrej Pavelec without a rebound.
1:48 of 3rd period - Jordan Staal wins face-off versus Casey Cizikas in Sabres zone.
1:48 of 3rd period - Jordan Staal is hit by T.J. Oshie.
2:10 of 3rd period - Shot by Thomas Vanek.
2:10 of 3rd period - Shot Misses the Net.
2:43 of 3rd period - Minor Penalty to Zach Bogosian for Interference.
2:44 of 3rd period - Artem Anisimov wins face-off versus Brayden Schenn in Predators zone.
4:04 of 3rd period - Shot by Brayden Schenn.
4:04 of 3rd period - Stopped by Pekka Rinne with a rebound.
4:06 of 3rd period - Shot by Braydon Coburn.
4:06 of 3rd period - Shot Misses the Net.
4:08 of 3rd period - Shot by Braydon Coburn.
4:08 of 3rd period - Stopped by Pekka Rinne without a rebound.
4:09 of 3rd period - Jordan Staal wins face-off versus Casey Cizikas in Predators zone.
4:12 of 3rd period - Shot by Oliver Ekman-Larsson.
4:12 of 3rd period - Shot Blocked by Jordie Benn.
4:18 of 3rd period - Shot by Thomas Vanek.
4:18 of 3rd period - Deflect By Jason Pominville.
4:18 of 3rd period - Shot Blocked by Jordie Benn.
4:20 of 3rd period - Shot by Oliver Ekman-Larsson.
4:20 of 3rd period - Stopped by Pekka Rinne without a rebound.
4:21 of 3rd period - Brayden Schenn wins face-off versus Casey Cizikas in Predators zone.
4:24 of 3rd period - Shot by Braydon Coburn.
4:24 of 3rd period - Stopped by Pekka Rinne with a rebound.
4:26 of 3rd period - Shot by Braydon Coburn.
4:26 of 3rd period - Shot Blocked by Zbynek Michalek.
4:28 of 3rd period - Shot by Josh Gorges.
4:28 of 3rd period - Stopped by Pekka Rinne without a rebound.
4:29 of 3rd period - Casey Cizikas wins face-off versus Jordan Staal in Predators zone.
4:51 of 3rd period - Shot by Jaden Schwartz.
4:51 of 3rd period - Stopped by Ondrej Pavelec without a rebound.
4:52 of 3rd period - Nicklas Backstrom wins face-off versus Paul Gaustad in Sabres zone.
4:55 of 3rd period - Shot by Nicklas Backstrom.
4:55 of 3rd period - Stopped by Ondrej Pavelec without a rebound.
4:56 of 3rd period - Nicklas Backstrom wins face-off versus Brayden Schenn in Sabres zone.
5:14 of 3rd period - Shot by Nicklas Backstrom.
5:14 of 3rd period - Shot Misses the Net.
5:21 of 3rd period - Minor Penalty to Roman Josi for Hooking.
5:21 of 3rd period - Minor Penalty to Brayden Schenn for Tripping.
5:22 of 3rd period - Jason Pominville wins face-off versus Steven Stamkos in Predators zone.
5:27 of 3rd period - Shot by Thomas Vanek.
5:27 of 3rd period - Stopped by Pekka Rinne without a rebound.
5:28 of 3rd period - Jason Pominville wins face-off versus Steven Stamkos in Predators zone.
5:28 of 3rd period - Oliver Ekman-Larsson is hit by Nikita Zadorov and loses puck.
5:33 of 3rd period - Shot by Francois Beauchemin.
5:33 of 3rd period - Deflect By Jason Pominville.
5:33 of 3rd period - Shot Misses the Net.
5:35 of 3rd period - Shot by Thomas Vanek.
5:35 of 3rd period - Deflect By Jason Pominville.
5:35 of 3rd period - Stopped by Pekka Rinne with a rebound.
6:33 of 3rd period - Nicklas Backstrom is hit by Braydon Coburn and loses puck.
6:50 of 3rd period - Shot by Josh Gorges.
6:50 of 3rd period - Shot Misses the Net.
6:52 of 3rd period - Shot by Paul Gaustad.
6:52 of 3rd period - Shot Hit the Post.
7:10 of 3rd period - Icing by Anton Stralman.
7:11 of 3rd period - Jason Pominville wins face-off versus Nicklas Backstrom in Predators zone.
7:16 of 3rd period - Shot by Jason Pominville.
7:16 of 3rd period - Stopped by Pekka Rinne without a rebound.
7:17 of 3rd period - Steven Stamkos wins face-off versus Jason Pominville in Predators zone.
7:49 of 3rd period - Shot by Valtteri Filppula.
7:49 of 3rd period - Stopped by Ondrej Pavelec without a rebound.
7:50 of 3rd period - Casey Cizikas wins face-off versus Jordan Staal in Sabres zone.
7:50 of 3rd period - Roman Josi is hit by Oliver Ekman-Larsson and loses puck.
8:08 of 3rd period - Shot by Thomas Vanek.
8:08 of 3rd period - Shot Blocked by Roman Josi.
8:10 of 3rd period - Shot by Oliver Ekman-Larsson.
8:10 of 3rd period - Shot Misses the Net.
8:12 of 3rd period - Shot by Francois Beauchemin.
8:12 of 3rd period - Stopped by Pekka Rinne without a rebound.
8:13 of 3rd period - Steven Stamkos wins face-off versus Brad Boyes in Predators zone.
8:18 of 3rd period - Brad Boyes is hit by Derick Brassard and loses puck.
9:03 of 3rd period - Braydon Coburn is hit by Derick Brassard and loses puck.
9:17 of 3rd period - Icing by Zbynek Michalek.
9:18 of 3rd period - Jordan Staal wins face-off versus Steven Stamkos in Predators zone.
9:35 of 3rd period - Shot by Jordan Staal.
9:35 of 3rd period - Shot Misses the Net.
9:37 of 3rd period - Shot by Oliver Ekman-Larsson.
9:37 of 3rd period - Stopped by Pekka Rinne without a rebound.
9:38 of 3rd period - Nicklas Backstrom wins face-off versus Paul Gaustad in Predators zone.
9:42 of 3rd period - Icing by Max Pacioretty.
9:43 of 3rd period - Max Pacioretty wins face-off versus Jordan Staal in Predators zone.
9:43 of 3rd period - Max Pacioretty is hit by Jordan Staal.
9:53 of 3rd period - Jason Pominville is hit by Anton Stralman.
10:15 of 3rd period - Shot by Jason Pominville.
10:15 of 3rd period - Shot Misses the Net.
10:19 of 3rd period - Shot by Jason Pominville.
10:19 of 3rd period - Shot Misses the Net.
10:20 of 3rd period - Minor Penalty to Anton Stralman for Interference.
10:21 of 3rd period - Brayden Schenn wins face-off versus Casey Cizikas in Predators zone.
10:39 of 3rd period - Off-side.
10:40 of 3rd period - Jordan Staal wins face-off versus Casey Cizikas in neutral zone.
11:15 of 3rd period - Shot by Oliver Ekman-Larsson.
11:15 of 3rd period - Shot Misses the Net.
11:24 of 3rd period - Icing by Thomas Vanek.
11:25 of 3rd period - Artem Anisimov wins face-off versus Jordan Staal in Sabres zone.
12:02 of 3rd period - Shot by Braydon Coburn.
12:02 of 3rd period - Shot Misses the Net.
12:22 of 3rd period - Shot by Nino Niederreiter.
12:22 of 3rd period - Shot Misses the Net.
12:24 of 3rd period - Shot by Johnny Oduya.
12:24 of 3rd period - Shot Blocked by Roman Josi.
12:26 of 3rd period - Shot by Paul Gaustad.
12:26 of 3rd period - Stopped by Pekka Rinne without a rebound.
12:27 of 3rd period - Nicklas Backstrom wins face-off versus Paul Gaustad in Predators zone.
12:27 of 3rd period - Nicklas Backstrom is hit by Nino Niederreiter.
12:46 of 3rd period - Shot by Jaden Schwartz.
12:46 of 3rd period - Stopped by Ondrej Pavelec with a rebound.
12:48 of 3rd period - Shot by Max Pacioretty.
12:48 of 3rd period - Stopped by Ondrej Pavelec without a rebound.
12:49 of 3rd period - Brayden Schenn wins face-off versus Valtteri Filppula in Sabres zone.
13:47 of 3rd period - Patrik Berglund is hit by Brayden Schenn.
14:57 of 3rd period - Shot by Jason Pominville.
14:57 of 3rd period - Stopped by Pekka Rinne with a rebound.
14:59 of 3rd period - Shot by Francois Beauchemin.
14:59 of 3rd period - Shot Misses the Net.
15:34 of 3rd period - Icing by Johnny Oduya.
15:35 of 3rd period - Paul Gaustad wins face-off versus Steven Stamkos in Sabres zone.
15:37 of 3rd period - Icing by Nino Niederreiter.
15:38 of 3rd period - Nino Niederreiter wins face-off versus Steven Stamkos in Sabres zone.
15:38 of 3rd period - Nino Niederreiter is hit by Steven Stamkos.
15:48 of 3rd period - Shot by Nino Niederreiter.
15:48 of 3rd period - Shot Misses the Net.
15:58 of 3rd period - Shot by Nino Niederreiter.
15:58 of 3rd period - Shot Blocked by Nikita Zadorov.
15:58 of 3rd period - Nikita Zadorov from Predators is injured at 15:58 of 3rd period (Bruised Right Shoulder).
15:59 of 3rd period - Valtteri Filppula wins face-off versus Tom Pyatt in Predators zone.
15:59 of 3rd period - Valtteri Filppula is hit by Patrice Cormier.
16:13 of 3rd period - Shot by Jason Pominville.
16:13 of 3rd period - Shot Misses the Net.
16:23 of 3rd period - Shot by Jason Pominville.
16:23 of 3rd period - Stopped by Pekka Rinne with a rebound.
16:25 of 3rd period - Shot by Oliver Ekman-Larsson.
16:25 of 3rd period - Stopped by Pekka Rinne with a rebound.
16:27 of 3rd period - Shot by Jason Pominville.
16:27 of 3rd period - Shot Misses the Net.
16:29 of 3rd period - Shot by Oliver Ekman-Larsson.
16:29 of 3rd period - Shot Misses the Net.
16:31 of 3rd period - Shot by Jason Pominville.
16:31 of 3rd period - Shot Misses the Net.
16:33 of 3rd period - Shot by Oliver Ekman-Larsson.
16:33 of 3rd period - Stopped by Pekka Rinne with a rebound.
16:35 of 3rd period - Shot by Oliver Ekman-Larsson.
16:35 of 3rd period - Stopped by Pekka Rinne without a rebound.
16:36 of 3rd period - Brayden Schenn wins face-off versus Steven Stamkos in Predators zone.
17:18 of 3rd period - Shot by Josh Gorges.
17:18 of 3rd period - Shot Misses the Net.
17:20 of 3rd period - Shot by Paul Byron.
17:20 of 3rd period - Shot Blocked by Jordie Benn.
17:29 of 3rd period - Off-side.
17:30 of 3rd period - Jordan Staal wins face-off versus Nicklas Backstrom in neutral zone.
17:59 of 3rd period - Shot by Jaden Schwartz.
17:59 of 3rd period - Stopped by Ondrej Pavelec without a rebound.
18:00 of 3rd period - Valtteri Filppula wins face-off versus Paul Gaustad in Sabres zone.
18:50 of 3rd period - Icing by Valtteri Filppula.
18:51 of 3rd period - Valtteri Filppula wins face-off versus Jordan Staal in Predators zone.
19:09 of 3rd period - Icing by Zach Bogosian.
19:10 of 3rd period - Brayden Schenn wins face-off versus T.J. Oshie in Predators zone.
19:18 of 3rd period - Shot by Paul Byron.
19:18 of 3rd period - Stopped by Pekka Rinne with a rebound.
19:34 of 3rd period - Shot by Paul Byron.
19:34 of 3rd period - Shot Blocked by Zach Bogosian.
19:50 of 3rd period - Shot by Josh Gorges.
19:50 of 3rd period - Stopped by Pekka Rinne without a rebound.
19:51 of 3rd period - Nicklas Backstrom wins face-off versus Jordan Staal in Predators zone.
19:51 of 3rd period - Nicklas Backstrom is hit by Jordan Staal.
19:57 of 3rd period - Shot by Max Pacioretty.
19:57 of 3rd period - Shot Misses the Net.
Goals for this period are 0 for Sabres vs 0 for Predators.
Shots for this period are 20 for Sabres vs 8 for Predators.


Output by the SimonT Hockey Simulator (STHS) for Stephane Roy -- Original Page W3C XHTML 1.0 Valid
Hockey Simulator - Hockey Simulation - Hockey Manager